 Dungeon Crawl Stone Soup version 0.28-a0-957-g42eb19b844 (webtiles) character file.

Game seed: 14301222351621900615

91 timneilson the Skirmisher (level 4, -8/49 HPs)
             Began as an Ogre Fighter on Nov 28, 2021.
             Killed from afar by Ijyb (9 damage)
             ... with a puff of flame
             ... on level 3 of the Dungeon on Nov 30, 2021.
             The game lasted 00:09:44 (2664 turns).

timneilson the Skirmisher (Ogre Fighter)            Turns: 2664, Time: 00:09:44

Health: -8/49      AC:  3    Str: 21    XL:     4   Next: 57%
Magic:  4/4        EV:  8    Int:  9    God:
Gold:   45         SH:  7    Dex:  8    Spells: 3/3 levels left

rFire   . . .      SeeInvis .   a - +0 trident
rCold   . . .      Faith    .   c - +0 kite shield
rNeg    . . .      Spirit   .   b - +0 robe
rPois   .          Reflect  .   (helmet restricted)
rElec   .          Harm     .   (no cloak)
rCorr   .          Rampage  .   (gloves unavailable)
Will    .....                   (boots unavailable)
Stlth   +.........              (no amulet)
HPRegen 0.16/turn               (no ring)
MPRegen 0.09/turn               (no ring)

@: no status effects
A: large, unfitting armour, tough skin 1
a: no special abilities


You were on level 3 of the Dungeon.
You visited 1 branch of the dungeon, and saw 3 of its levels.

You collected 45 gold pieces.

Inventory:

Hand Weapons
 a - a +0 trident (weapon)
Armour
 b - a +0 robe (worn)
 c - a +0 kite shield (worn)
Scrolls
 e - 2 scrolls of teleportation
 h - a scroll of identify
 j - a scroll of noise {unknown}
 k - a scroll of enchant weapon {unknown}
Potions
 d - 2 potions of might
 f - a potion of brilliance
 g - a potion of flight {unknown}
 i - a potion of invisibility


   Skills:
 + Level 4.3 Fighting
 * Level 2.8 Polearms
 + Level 0.9 Armour
 * Level 3.2 Dodging
 * Level 3.4 Shields


You had 3 spell levels left.
You didn't know any spells.
Your spell library was empty.

Dungeon Overview and Level Annotations

Branches:
Dungeon (3/15)

Altars:

Shops:
D:2 (

Annotations:
D:2 1 runed translucent door, Crazy Yiuf
D:3 Ijyb


Innate Abilities, Weirdness & Mutations

You are too large for most types of armour.
You have tough skin. (AC +1)


Message History

Ijyb closely misses you.
You closely miss Ijyb.
Ijyb is moderately wounded.
Ijyb hits you with a +0 club.
You hit Ijyb but do no damage.
Ijyb is moderately wounded.
Ijyb hits you but does no damage. Ijyb hits you with a +0 club.
You hit Ijyb but do no damage.
Ijyb is moderately wounded.
You block Ijyb's attack.
You hit Ijyb but do no damage.
Ijyb is moderately wounded.
Ijyb hits you with a +0 club.
* * * LOW HITPOINT WARNING * * *
You closely miss Ijyb.
Ijyb is moderately wounded.
You block Ijyb's attack. Ijyb hits you with a +0 club.
* * * LOW HITPOINT WARNING * * *
You closely miss Ijyb.
Ijyb is moderately wounded.
Ijyb hits you with a +0 club.
* * * LOW HITPOINT WARNING * * *
You hit Ijyb but do no damage.
Ijyb is moderately wounded.
Ijyb hits you with a +0 club!
* * * LOW HITPOINT WARNING * * *
You block Ijyb's attack.
You hit Ijyb but do no damage.
Ijyb is moderately wounded.
Ijyb hits you with a +0 club.
* * * LOW HITPOINT WARNING * * *
You puncture Ijyb!
Ijyb is heavily wounded.
Ijyb hits you with a +0 club.
* * * LOW HITPOINT WARNING * * *
You hit Ijyb but do no damage.
Ijyb is heavily wounded.
Ijyb screams, "It's all mine!"
Ijyb zaps a wand.
The puff of flame hits you!
You die...

#
#####.######
.....Sg@...#
#####.####.#
# #.# #.#
#.# #.# #.#
#.# #.#


You could see Ijyb and a ball python.

Vanquished Creatures
  Terence (D:2)
  An adder (D:2)
  A dart slug (D:1)
  5 ball pythons
  5 bats
  6 endoplasms (D:1)
  2 giant cockroaches
  3 goblins
  7 hobgoblins
  4 jackals (D:1)
  3 frilled lizards (D:1)
  8 kobolds
  5 rats
51 creatures vanquished.

Notes
Turn   | Place    | Note
-------+----------+-------------------------------------------
     0 | D:1      | timneilson the Ogre Fighter began the quest for the Orb.
     0 | D:1      | Reached XP level 1. HP: 24/24 MP: 1/1
   107 | D:1      | Reached XP level 2. HP: 30/32 MP: 2/2
   458 | D:1      | Reached XP level 3. HP: 30/39 MP: 3/3
  1289 | D:2      | Found Doph's Antique Weapon Boutique.
  1960 | D:2      | Reached XP level 4. HP: 45/48 MP: 4/4
  2025 | D:2      | Noticed Terence
  2043 | D:2      | Killed Terence
  2320 | D:2      | Found a runed translucent door.
  2321 | D:2      | Noticed Crazy Yiuf
  2550 | D:2      | Upgraded the game from 0.28-a0-938-gbc3f381ebc to
                  | 0.28-a0-957-g42eb19b844
  2643 | D:3      | Noticed Ijyb
  2661 | D:3      | HP: 2/49 [Ijyb (7)]
  2664 | D:3      | Killed from afar by Ijyb

Illustrated notes

Levels and vault maps discovered:
D:1:      beargit_arrival_diablo_church, layout_basic
D:2:      layout_loops_corners, serial_shops, shop, uniq_crazy_yiuf_cottage,
          uniq_terence
D:3:      layout_basic, lemuel_doored_altar, okawaru_altar_gauntlet_db,
          hellmonk_ecumenical_altar_watching_god, minmay_cut_off, uniq_ijyb

Skill      XL: |  1  2 |
---------------+-------+-----
Shields        | 3 |  3.4
Dodging        | 3 |  3.2
Fighting       | |  4.3
Polearms       | |  2.8
Armour         | |  0.9

Action                   |  1- 3 |  4- 6 || total
-------------------------+-------+-------++-------
Melee: Trident           |   137 |    55 ||   192
  Use: Scroll            |     4 |       ||     4
 Stab: Sleeping          |     2 |     1 ||     3
Armor: Robe              |    39 |     8 ||    47
Dodge: Dodged            |    53 |    18 ||    71
Block: Kite shield       |    47 |    18 ||    65

Table legend: (Time is in decaauts)
 A = Elapsed time spent in this place.
 B = Non-inter-level travel time spent in this place.
 C = Inter-level travel time spent in this place.
 D = Time resting spent in this place.
 E = Time spent auto-exploring this place.
 F = Levels seen in this place.
 G = Mean time per level.
                   A        B        C        D        E       F      G
               +--------+--------+--------+--------+--------+-----+--------+
         Total |   2735 |   2685 |     50 |     24 |   2257 |   3 |  911.7 |
       Dungeon |   2735 |   2685 |     50 |     24 |   2257 |   3 |  911.7 |
               +--------+--------+--------+--------+--------+-----+--------+

Top non-repeatable levels by time:
     D:2: 1330 daAuts
     D:1: 1300 daAuts
     D:3: 104 daAuts
